 Dungeon Crawl Stone Soup version 0.29-a0-559-g359e09b9d1 (webtiles) character file.

Game seed: 1059046576465650408

65 Heedrag the Covered (level 3, 0/33 HPs)
             Began as a Minotaur Fighter on June 9, 2022.
             Slain by Ijyb
             ... wielding a +0 dagger
              (2 damage)
             ... on level 3 of the Dungeon.
             The game lasted 00:01:39 (1519 turns).

Heedrag the Covered (Minotaur Fighter)              Turns: 1519, Time: 00:01:40

Health: 0/33       AC:  0    Str: 20    XL:     3   Next: 92%
Magic:  2/2        EV: 14    Int:  5    God:
Gold:   47         SH:  0    Dex: 11    Spells: 2/2 levels left

rFire   . . .      SeeInvis .   (weapon currently unavailable)
rCold   . . .      Faith    .   (shield currently unavailable)
rNeg    . . .      Spirit   .   (body armour currently unavailable)
rPois   .          Reflect  .   (helmet currently unavailable)
rElec   .          Harm     .   (cloak currently unavailable)
rCorr   .          Rampage  .   (gloves currently unavailable)
Will    .....                   (boots currently unavailable)
Stlth   +.........              (no amulet)
HPRegen 0.11/turn               (ring currently unavailable)
MPRegen 0.08/turn               (ring currently unavailable)

@: pig-form, very quick
A: fast, no casting, small, (horns 2), (retaliatory headbutt)
a: no special abilities


You were on level 3 of the Dungeon.
You were a filthy swine.
You visited 1 branch of the dungeon, and saw 3 of its levels.

You collected 47 gold pieces.

Inventory:

Hand Weapons
 a - a +0 war axe (melded)
Missiles
 q - 4 javelins
Armour
 b - a +0 scale mail (melded)
 c - a +0 buckler (melded)
 f - a +0 pair of gloves (melded)
   (You found it on level 1 of the Dungeon)
Wands
 u - a wand of paralysis (7)
   (You found it on level 2 of the Dungeon)
Scrolls
 e - 3 scrolls of identify {unknown}
 i - a scroll of fog {unknown}
 j - a scroll of teleportation {unknown}
 l - 2 scrolls of poison {unknown}
 o - a scroll of enchant weapon {unknown}
 p - a scroll of amnesia {unknown}
 r - a scroll of noise {unknown}
 s - a scroll of magic mapping {unknown}
Potions
 d - a potion of might
 g - a potion of degeneration {unknown}
 h - 2 potions of heal wounds {unknown}
 k - a potion of ambrosia {unknown}
 m - a potion of attraction {unknown}
 n - 2 potions of curing {unknown}
 t - 2 potions of brilliance {unknown}


   Skills:
 + Level 4.0 Fighting
 * Level 3.5 Axes
 + Level 4.1 Armour
 + Level 1.3 Dodging
 + Level 4.1 Shields
 + Level 0.2 Evocations


You had 2 spell levels left.
You didn't know any spells.
Your spell library contained the following spells:

 Spells                   Type           Power      Damage    Failure   Level
 Sting                    Tmut/Pois      0%         1d3       47%         1
 Poisonous Vapours        Pois/Air       0%         N/A       63%         2
 Olgreb's Toxic Radiance  Pois           0%         N/A       99%         4


Dungeon Overview and Level Annotations

Branches:
Dungeon (3/15)

Altars:

Annotations:
D:3 Ijyb


Innate Abilities, Weirdness & Mutations

You are a filthy swine.
You move quickly.
Your equipment is almost entirely melded.
You are incapable of wielding weapons or throwing items.
You cannot cast spells.
((You have a pair of horns on your head.))
((You reflexively headbutt those who attack you in melee.))


Message History

You kill the giant cockroach!
No target in view!
No target in view!
Found a stone staircase leading down.
Ijyb and an endoplasm come into view.
Ijyb is wielding a +0 dagger and carrying a wand of polymorph (10).
Ijyb shouts!
The endoplasm quivers.
A worm comes into view.
Ijyb moves out of view.
The endoplasm hits you but does no damage.
You hit the endoplasm. Your headbutt misses the endoplasm.
You block the endoplasm's attack. The endoplasm freezes you.
You are frozen.
A frilled lizard comes into view.
The frilled lizard hisses angrily.
You hit the endoplasm but do no damage. The endoplasm hits you.
Unknown command.
You hit the endoplasm.
You kill the endoplasm!
Ijyb zaps a wand.
You resist with significant effort. Ijyb hits you with a +0 dagger.
Unknown command.
You closely miss Ijyb. Ijyb hits you with a +0 dagger. x2
Unknown command.
You slash Ijyb! Your headbutt misses Ijyb.
Ijyb zaps a wand.
You turn into a filthy swine.
Your +0 war axe melds into your body.
Your +0 pair of gloves melds into your body.
Your +0 buckler melds into your body.
Your +0 scale mail melds into your body.
You barely miss Ijyb. Ijyb hits you with a +0 dagger.
The worm closely misses you.
Unknown command.
Unknown command.
You closely miss Ijyb. Ijyb closely misses you.
Unknown command.
You barely miss Ijyb.
Ijyb screams, "Level is mine!
All mine!"
Ijyb hits you with a +0 dagger.
* * * LOW HITPOINT WARNING * * *
The worm barely misses you.
You hit Ijyb but do no damage. Ijyb hits you with a +0 dagger.
* * * LOW HITPOINT WARNING * * *
The worm bites you!
* * * LOW HITPOINT WARNING * * *
You hit the worm. Ijyb hits you with a +0 dagger.
You die...

.. ### .. ...#..#.# #..#
## #l##.w#.# #..# #..
#g##..#.# #..# #.#
#h##..#.###..# #.#
#w#....).....# #.# #
#............# #.#
#.#####...###.####.###.#
..........###...........
#.#.##........####.##..
#.....##.###...........
#.....##.# #.#####.###.
#......##.# #.# #.....


You could see Ijyb, a worm and a frilled lizard.

Vanquished Creatures
  2 adders (D:2)
  A worm (D:2)
  2 dart slugs
  2 bats
  3 endoplasms
  6 giant cockroaches
  5 goblins
  2 hobgoblins
  3 quokkas (D:1)
  2 ball pythons
  A frilled lizard (D:1)
  4 kobolds
  4 rats (D:1)
37 creatures vanquished.

Notes
Turn   | Place    | Note
-------+----------+-------------------------------------------
     0 | D:1      | Heedrag the Minotaur Fighter began the quest for the Orb.
     0 | D:1      | Reached XP level 1. HP: 19/19 MP: 0/0
   155 | D:1      | Reached XP level 2. HP: 26/27 MP: 1/1
   702 | D:2      | Reached skill level 1 in Dodging
   702 | D:2      | Reached XP level 3. HP: 32/33 MP: 2/2
   786 | D:2      | Found a faded altar of an unknown god.
  1505 | D:3      | Noticed Ijyb
  1519 | D:3      | Slain by Ijyb

Illustrated notes

Levels and vault maps discovered:
D:1:      dpeg_arrival_lava_temple_mockup, layout_rooms
D:2:      layout_loops_cross, ebering_ecumenical_altar_ruins, bh_walls_and_bars
D:3:      layout_loops_ring, serial_shops, shop, uniq_ijyb

Skill      XL: |  1  2  3 |
---------------+----------+-----
Axes           | 3 |  3.5
Dodging        | 1 |  1.3
Armour         | 4 |  4.1
Shields        | 4 |  4.1
Fighting       | 4 |  4.0
Evocations     | |  0.2

Action                   || total
-------------------------++-------
Melee: War axe           ||    73
       Headbutt          ||     7
       Unarmed           ||     5
Armor: Scale mail        ||    44
Dodge: Dodged            ||    22
Block: Buckler           ||    12

Table legend: (Time is in decaauts)
 A = Elapsed time spent in this place.
 B = Non-inter-level travel time spent in this place.
 C = Inter-level travel time spent in this place.
 D = Time resting spent in this place.
 E = Time spent auto-exploring this place.
 F = Levels seen in this place.
 G = Mean time per level.
                   A        B        C        D        E       F      G
               +--------+--------+--------+--------+--------+-----+--------+
         Total |   1547 |   1378 |    169 |      0 |   1111 |   3 |  515.7 |
       Dungeon |   1547 |   1378 |    169 |      0 |   1111 |   3 |  515.7 |
               +--------+--------+--------+--------+--------+-----+--------+

Top non-repeatable levels by time:
     D:2: 829 daAuts
     D:1: 662 daAuts
     D:3: 55 daAuts
